 Dungeon Crawl Stone Soup version 0.27-a0-1416-g941b2bd30b (webtiles) character file.

Game seed: 14049329783015323140

1204 robertstho the Magician (level 8, -2/56 HPs)
             Began as a Djinni Fire Elementalist on July 1, 2021.
             Slain by a centaur zombie (3 damage)
             ... in an ossuary.
             The game lasted 00:09:50 (6449 turns).

robertstho the Magician (Djinni Fire Elementalist)  Turns: 6449, Time: 00:09:50

Health: -2/56      AC:  4    Str:  7    XL:     8   Next: 73%
Gold:   29         EV: 12    Int: 20    God:
                   SH:  0    Dex: 13

rFire    + + .     SeeInvis .   e - +1 hand axe (freeze)
rCold    x . .     Faith    .   (no shield)
rNeg     . . .     Spirit   .   a - +0 robe
rPois    ∞         Reflect  .   c - +0 helmet
rElec    .         Harm     .   (no cloak)
rCorr    .         Rampage  .   b - +0 pair of gloves
Will     .....                  (boots unavailable)
Stlth    ++........             (no amulet)
HPRegen  0.18/turn              (no ring)
MPRegen  0.00/turn              (no ring)

@: flying
A: sickness immunity, fire resistance 2, cold vulnerability 1, float, innate
caster, hp casting, extra vitality 1
a: no special abilities


You were in an ossuary.
You visited 1 branch of the dungeon, and saw 5 of its levels.
You also visited: Ossuary.

You collected 115 gold pieces.
You spent 86 gold pieces at shops.

Inventory:

Hand Weapons
 e - a +1 hand axe of freezing (weapon)
 j - a +2 flail of holy wrath
Armour
 a - a +0 robe (worn)
 b - a +0 pair of gloves (worn)
 c - a +0 helmet (worn)
Scrolls
 d - a scroll of teleportation
Potions
 i - 2 potions of mutation
 m - a potion of might {unknown}


   Skills:
 * Level 3.2 Fighting
 + Level 0.1 Axes
 + Level 3.0 Dodging
 + Level 2.8 Stealth
 * Level 7.0 Spellcasting


You couldn't memorise any spells.
You knew the following spells:

 Your Spells              Type           Power      Damage    Failure   Level
a - Foxfire               Conj/Fire      100%       2x1d9     1%          1
b - Conjure Flame         Conj/Fire      35%        6-21      1%          3
c - Inner Flame           Hex/Fire       35%        N/A       1%          3
d - Sticky Flame          Conj/Fire      35%        2d5       5%          4
e - Fireball              Conj/Fire      17%        3d9       14%         5
f - Shock                 Conj/Air       100%       1d9       1%          1
g - Corpse Rot            Necr/Air       N/A        N/A       1%          2
h - Mephitic Cloud        Conj/Pois/Air  35%        N/A       1%          3
Your spell library was empty.

Dungeon Overview and Level Annotations

Branches:
Dungeon (5/15)            Ossuary (1/1)
 Temple: D:4-7

Altars:
Sif Muna

Shops:
D:4 !::?

Annotations:
D:5 Eustachio


Innate Abilities, Weirdness & Mutations

You are immune to sickness and miasma.
You are immune to poison.
Your flesh is very heat resistant. (rF++)
You are vulnerable to cold. (rC-)
You float through the air rather than walking.
You learn spells naturally, not from books.
Your magical power is your life essence.
You have superior vitality. (+4 HP)


Message History

The foxfire hits the human zombie.
The human zombie is severely damaged.
The foxfire hits the elf zombie.
The elf zombie is heavily damaged.
There is a gate leading back out of this place here.
There is an empty arch of ancient stone here.
Casting: Foxfire (safe; 1% risk of failure)
Press: ? - help, Q - select action, (/) - cycle Dir - look around, f - activate You conjure some foxfire!
* * * LOW HITPOINT WARNING * * *
The human zombie barely misses you.
The foxfire hits the human zombie.
The human zombie is severely damaged.
The foxfire hits the elf zombie but does no damage.
The elf zombie is heavily damaged.
The human zombie closely misses you.
Unknown command.
As you read the scroll of teleportation, it crumbles to dust.
You feel strangely unstable. The human zombie closely misses you.
The human zombie hits you.
* * * LOW HITPOINT WARNING * * *
Unknown command.
The human zombie hits you but does no damage.
Your surroundings suddenly seem different.
A centaur zombie comes into view.
A mummy comes into view.
A human zombie comes into view. 2 zombies come into view.
Unknown command.
The centaur zombie hits you but does no damage.
The centaur zombie kicks you but does no damage.
The centaur zombie completely misses you.
The centaur zombie closely misses you.
You reach down and open the door.
The human zombie hits you.
* * * LOW HITPOINT WARNING * * *
The centaur zombie barely misses you. The centaur zombie closely misses you.
There is an open door here.
The human zombie hits you.
* * * LOW HITPOINT WARNING * * *
The centaur zombie hits you.
You die...

#'# ###.###
##.....##
#.......#
##...∩...##
+...∩∩∩...+
##...Z...##
#...Z...#
##.ZZ@.##
###Z### #Z#
###.###
##..ZM.##
#.......#
#.......#
#......Z#
##.....##


You could see an elf zombie, 2 centaur zombies and 4 human zombies.

Vanquished Creatures
  Edmund (D:5)
  4 ogres
  An elf zombie (D:5)
  A bullfrog (D:4)
  An elf skeleton (D:5)
  A scorpion (D:4)
  A water moccasin zombie (D:5)
  A water moccasin skeleton (D:4)
  2 hounds (D:5)
  An orc priest (D:5)
  A bullfrog skeleton (D:5)
  2 iguanas
  2 orc wizards (D:4)
  A hound zombie (D:5)
  2 hound skeletons (D:4)
  A mummy (Ossuary)
  3 adders
  A white imp (D:5)
  2 worms
  4 dart slugs
  17 orcs
  4 endoplasms
  8 goblins
  4 hobgoblins
  7 jackals
  A kobold (D:4)
  2 quokkas
  5 ball pythons
  5 bats
  A frilled lizard (D:1)
  A rat (D:1)
88 creatures vanquished.

Vanquished Creatures (others)
  490 foxfires
490 creatures vanquished.

Grand Total: 578 creatures vanquished

Notes
Turn   | Place    | Note
-------+----------+-------------------------------------------
     0 | D:1      | robertstho the Djinni Fire Elementalist began the quest for
                  | the Orb.
     0 | D:1      | Reached XP level 1. HP: 15/15 MP: 0/0
    13 | D:1      | Found a faded altar of an unknown god.
    90 | D:1      | Reached XP level 2. HP: 9/21 MP: 0/0
   698 | D:1      | Reached skill level 3 in Spellcasting
  1276 | D:2      | Reached XP level 3. HP: 21/25 MP: 0/0
  1276 | D:2      | Learned a level 1 spell: Shock
  1950 | D:2      | Reached XP level 4. HP: 30/31 MP: 0/0
  3718 | D:4      | Found Dewocajo's Book Shop.
  3770 | D:4      | Noticed an ogre
  3786 | D:4      | Reached XP level 5. HP: 12/36 MP: 0/0
  3786 | D:4      | Learned a level 2 spell: Corpse Rot
  4072 | D:4      | Reached skill level 4 in Spellcasting
  4255 | D:4      | Reached XP level 6. HP: 36/41 MP: 0/0
  4559 | D:4      | Reached skill level 1 in Fighting
  4559 | D:4      | Reached skill level 5 in Spellcasting
  4591 | D:4      | Found Hainlygro's Distillery.
  4599 | D:4      | Bought a potion of heal wounds for 55 gold pieces
  4599 | D:4      | Bought a potion of degeneration for 11 gold pieces
  4608 | D:4      | Found Fishing's Book Shop.
  4608 | D:4      | Noticed an ogre
  4640 | D:4      | Killed an ogre
  4641 | D:4      | Reached XP level 7. HP: 25/47 MP: 0/0
  4641 | D:4      | Learned a level 3 spell: Mephitic Cloud
  4945 | D:4      | Found Oqaipn's Magic Scroll Emporium.
  4954 | D:4      | Bought a scroll of identify for 20 gold pieces
  5547 | D:5      | Entered Level 5 of the Dungeon
  5767 | D:5      | Noticed Edmund
  5777 | D:5      | Killed Edmund
  5778 | D:5      | Reached skill level 6 in Spellcasting
  5778 | D:5      | Reached XP level 8. HP: 21/54 MP: 0/0
  5880 | D:5      | Noticed Eustachio
  6001 | D:5      | Reached skill level 7 in Spellcasting
  6003 | D:5      | Found a sand-covered staircase.
  6005 | D:5      | HP: 2/56 [bat[Eustachio] (1)]
  6008 | Ossuary  | Entered an ossuary
  6446 | Ossuary  | HP: 1/56 [human zombie (3)]
  6449 | Ossuary  | Slain by a centaur zombie

Illustrated notes

Levels and vault maps discovered:
D:1:      ncdulo_lavacross, layout_loops_ring,
          shapermc_ecumenical_altar_notcrosses
D:2:      layout_basic, st_stairs_11, chequers_serial_rivers_large_b,
          hex_medium, kennysheep_flooded_box
D:3:      layout_loops_corners, wad_floor_pattern_2
D:4:      layout_gridville, led_sif_book, serial_shops, nicolae_shop_stone,
          shop, nicolae_stop_n_shop_2, nicolae_diamond_shop
D:5:      layout_loops_ring, nicolae_ossuary_entry_catacombs, uniq_edmund,
          uniq_eustachio
Ossuary:  ossuary_minmay_four_chambers

Skill      XL: |  1  2  3  4  5  6  7  8 |
---------------+-------------------------+-----
Spellcasting   | 3 4 5 6 7 |  7.0
Stealth        | 2 |  2.8
Fighting       | 1 2 3 |  3.2
Dodging        | 3 |  3.0
Axes           | |  0.1

Action                   |  1- 3 |  4- 6 |  7- 9 || total
-------------------------+-------+-------+-------++-------
Melee: Hand axe          |     4 |       |    13 ||    17
 Cast: Foxfire           |    65 |   110 |   119 ||   294
       Sticky Flame      |       |     1 |     7 ||     8
  Use: Scroll            |       |     3 |     3 ||     6
       Potion            |       |       |     6 ||     6
Armor: Robe              |     4 |     2 |    21 ||    27
Dodge: Dodged            |     9 |    12 |    51 ||    72

Table legend: (Time is in decaauts)
 A = Elapsed time spent in this place.
 B = Non-inter-level travel time spent in this place.
 C = Inter-level travel time spent in this place.
 D = Time resting spent in this place.
 E = Time spent auto-exploring this place.
 F = Levels seen in this place.
 G = Mean time per level.
                   A        B        C        D        E       F      G
               +--------+--------+--------+--------+--------+-----+--------+
         Total |   6433 |   6281 |    152 |    644 |   4877 |   6 | 1072.2 |
       Dungeon |   5993 |   5841 |    152 |    249 |   4872 |   5 | 1198.6 |
       Ossuary |    440 |    440 |      0 |    395 |      5 |   1 |  440.0 |
               +--------+--------+--------+--------+--------+-----+--------+

Top non-repeatable levels by time:
     D:3: 1787 daAuts
     D:4: 1663 daAuts
     D:1: 1260 daAuts
     D:2: 836 daAuts
     D:5: 445 daAuts
 Ossuary: 440 daAuts
